Map: Blueshift LE

Players

Ethereal

  • Race: Zerg Zerg
  • Spawn Location: 7:00

Daydreamer - Winner!

  • Race: Protoss Protoss
  • Spawn Location: 1:00

Event: WCS Montreal 2018

VOD

Have the link to the VOD?

Description

Time

  • Played on: Sept. 7, 2018, 12:58 p.m.
  • Length: 6:49

All games in this series

Show
View Real Time Build Order
Export as new Build Order

Ethereal Zerg 

Build Orders: Hatch First 

Get SALT Encoding   

  12  0:04  Drone  
  13  0:13  Overlord  
  13  0:26  Drone  
  14  0:32  Drone  
  14  0:33  Drone  
  16  0:37  Drone  
  17  0:54  Hatchery  
  16  0:57  Drone  
  16  1:00  Drone  
  18  1:16  Spawning Pool  
  18  1:18  Extractor  
  16  1:19  Drone  
  16  1:22  Drone  
  18  1:33  Drone  
  19  1:43  Overlord  
  19  1:57  Drone  
  20  2:06  Queen x2  
  20  2:08  Zergling x2  
  25  2:11  Drone  
  25  2:13  Drone  
  27  2:17  Drone  
  27  2:22  Metabolic Boost  
  28  2:25  Drone  
  29  2:40  Zergling x2  
  29  2:41  Hatchery  
  29  2:46  Overlord  
  29  2:48  Drone  
  30  2:54  Overlord  
  30  2:58  Drone  
  31  3:02  Queen  
  33  3:07  Drone x2  
  34  3:16  Zergling x8  
  38  3:23  Zergling x4  
  38  3:24  Zergling x2  
  41  3:33  Overlord  
  41  3:35  Drone  
  42  3:46  Overlord  
  42  3:47  Evolution Chamber  
  41  3:49  Drone  
  41  3:53  Drone x2  
  41  3:54  Drone  
  45  3:58  Drone x3  
  45  4:02  Queen  
  48  4:05  Drone x2  
  48  4:09  Spore Crawler x2  
  46  4:11  Zergling x2  
  46  4:16  Zerg Melee Weapons Level 1  
  47  4:21  Zergling x4  
  47  4:22  Zergling x4  
  50  4:27  Extractor  
  49  4:32  Zergling x8  
  54  4:38  Zergling x6  
  54  4:39  Zergling x4  
  56  4:50  Overlord  
  56  4:51  Drone  
  56  4:52  Drone  
  58  4:59  Spore Crawler, Overlord  
  57  5:04  Drone  
  58  5:12  Zergling x8  
  58  5:13  Zergling x4  
  61  5:19  Zergling x4, Baneling Nest  
  57  5:26  Zergling x8  
  60  5:31  Zergling x2  
  61  5:42  Zergling x8  
  63  5:43  Zergling x6  
  63  5:48  Zergling x4  
  56  5:54  Zergling x6  
  56  5:59  Drone  
  56  6:01  Drone x2  
  53  6:09  Drone x2  
  53  6:10  Drone x2  
  56  6:18  Baneling x5  
  56  6:23  Zergling x2  
  56  6:27  Zergling x4  
  56  6:28  Zergling x2  
Show
View Real Time Build Order
Export as new Build Order

Daydreamer Protoss - Winner!

Build Orders: 1 Gate Expand, Oracle Opening, Phoenix Opening 

Get SALT Encoding   

  12  0:00  Probe  
  13  0:12  Probe  
  14  0:18  Pylon  
  14  0:25  Probe  
  15  0:35  Probe  
  15  0:38  Gateway  
  16  0:43  Probe  
  16  0:45  Assimilator  
  17  0:51  Probe  
  18  1:03  Probe  
  19  1:15  Probe  
  20  1:23  Nexus  
  20  1:34  Cybernetics Core  
  20  1:36  Probe  
  21  1:44  Assimilator  
  21  1:49  Probe  
  22  1:54  Pylon  
  22  2:01  Probe  
  23  2:03  Adept  
  23  2:10  Probe  
  26  2:18  Probe  
  26  2:19  Stargate  
  27  2:27  Probe  
  27  2:30  Warp Gate  
  27  2:32  Probe  
  29  2:39  Probe  
  29  2:40  Probe  
  29  2:43  Adept  
  32  2:50  Probe  
  33  2:51  Probe  
  33  2:58  Phoenix  
  35  2:59  Gateway  
  35  3:03  Probe  
  35  3:04  Probe  
  39  3:15  Probe  
  39  3:17  Shield Battery  
  40  3:21  Probe  
  40  3:23  Pylon  
  40  3:26  Oracle  
  44  3:30  Probe  
  45  3:38  Probe  
  46  3:41  Adept  
  46  3:44  Twilight Council  
  48  3:49  Pylon  
  48  4:00  Resonating Glaives  
  48  4:08  Probe  
  49  4:13  Gateway x2  
  49  4:15  Gateway  
  49  4:16  Gateway  
  49  4:28  Probe  
  50  4:33  Adept x2  
  54  4:49  Nexus  
  54  4:50  Pylon  
  54  4:53  Adept x2  
  54  4:55  Probe  
  54  4:56  Probe  
  54  4:58  Assimilator  
  60  5:00  Pylon  
  60  5:02  Assimilator  
  60  5:07  Probe  
  60  5:13  Adept x4  
  69  5:20  Probe  
  70  5:22  Probe  
  70  5:23  Shield Battery  
  71  5:31  Adept x2  
  75  5:44  Adept x2  
  65  6:01  Probe  
  65  6:02  Adept x4, Probe  
  65  6:03  Probe  
  68  6:13  Adept x2, Probe  
  68  6:15  Probe x2  
  68  6:17  Pylon  
  75  6:25  Pylon, Probe  
  76  6:27  Probe x2  
  76  6:34  Stalker  
  76  6:35  Sentry  
  76  6:39  Adept x4  
Tags
 
Add a new tag
Caveats
  • Supply blocks, unpowered buildings, or Contaminate may cause inaccurate times.
  • Supply counts are checked every 10 seconds.